 Dungeon Crawl Stone Soup version 0.29.1-13-g9f3cf754e1 (webtiles) character file.

Game seed: 12584254297862572031

12 Thatpatchoflichen the Trooper (level 2, 0/24 HPs)
             Began as a Human Fighter on Feb 4, 2023.
             Slain by a rat (1 damage)
             ... on level 1 of the Dungeon.
             The game lasted 00:00:35 (290 turns).

Thatpatchoflichen the Trooper (Human Fighter)        Turns: 290, Time: 00:00:35

Health: 0/24       AC:  6    Str: 16    XL:     2   Next: 45%
Magic:  2/2        EV:  8    Int:  8    God:
Gold:   16         SH:  4    Dex: 12    Spells: 1/1 levels left

rFire   . . .      SeeInvis .   a - +0 long sword
rCold   . . .      Faith    .   c - +0 buckler
rNeg    . . .      Spirit   .   b - +0 scale mail
rPois   .          Reflect  .   (no helmet)
rElec   .          Harm     .   (no cloak)
rCorr   .          Rampage  .   (no gloves)
Will    .....                   (no boots)
Stlth   ..........              (no amulet)
HPRegen 0.08/turn               (no ring)
MPRegen 0.08/turn               (no ring)

@: no status effects
A: no striking features
a: no special abilities


You were on level 1 of the Dungeon.
You visited 1 branch of the dungeon, and saw 1 of its levels.

You collected 16 gold pieces.

Inventory:

Hand Weapons
 a - a +0 long sword (weapon)
Armour
 b - a +0 scale mail (worn)
 c - a +0 buckler (worn)
Potions
 d - a potion of might


   Skills:
 + Level 3.2 Fighting
 + Level 2.2 Long Blades
 + Level 3.1 Armour
 + Level 3.1 Shields


You had one spell level left.
You didn't know any spells.
Your spell library was empty.

Dungeon Overview and Level Annotations

Branches:
Dungeon (1/15)

Altars:


Message History

The rat attacks as you move away! The rat barely misses you.
A quokka comes into view.
The rat attacks as you move away! The rat bites you but does no damage.
The rat attacks as you move away! The rat bites you but does no damage.
You hit the kobold.
You kill the kobold!
The rat bites you but does no damage. x2
The hobgoblin hits you but does no damage.
You barely miss the hobgoblin. The hobgoblin hits you.
* * * LOW HITPOINT WARNING * * *
The rat barely misses you.
You slash the hobgoblin!
You kill the hobgoblin!
The rat barely misses you. The quokka barely misses you.
You barely miss the quokka. The rat closely misses you.
The quokka closely misses you. The rat bites you.
* * * LOW HITPOINT WARNING * * *
You closely miss the quokka.
The quokka bites you but does no damage.
The quokka barely misses you. The rat bites you but does no damage.
You hit the quokka.
The quokka is severely wounded.
The quokka closely misses you. The rat bites you but does no damage.
The quokka bites you but does no damage.
You slash the quokka!
You kill the quokka!
The rat twitches its whiskers.
The rat closely misses you. x2
The rat bites you.
* * * LOW HITPOINT WARNING * * *
Items here: ( ) ††.
The rat bites you but does no damage. The rat attacks as you move away!
The rat bites you but does no damage.
You see here 9 gold pieces.
The rat attacks as you move away! The rat bites you but does no damage.
The rat attacks as you move away! The rat barely misses you.
You see here a hobgoblin corpse.
You hit the rat but do no damage. The rat closely misses you.
You barely miss the rat. The rat bites you.
You die...

#
###################.##.#
................!.......
##########.#####.#..##.#
###. #.# #..#..... ....#
#.####.@#..##.. .....
.......r#..# . ....#
..####..#..##.. .....
................ ##..#
#.#####.$...##.. ....#
#.#####.....# ## .#
...........# .
...........# .
.####..)...#


You could see a rat.

Vanquished Creatures
  A goblin (D:1)
  3 hobgoblins (D:1)
  A kobold (D:1)
  A quokka (D:1)
  2 ball pythons (D:1)
  3 frilled lizards (D:1)
  A rat (D:1)
12 creatures vanquished.

Notes
Turn   | Place    | Note
-------+----------+-------------------------------------------
     0 | D:1      | Thatpatchoflichen the Human Fighter began the quest for the
                  | Orb.
     0 | D:1      | Reached XP level 1. HP: 18/18 MP: 1/1
   258 | D:1      | Reached XP level 2. HP: 19/24 MP: 2/2
   280 | D:1      | HP: 1/24 [rat (3)]
   290 | D:1      | Slain by a rat

Illustrated notes

Levels and vault maps discovered:
D:1:      shiori_arrival_oz, layout_basic, minmay_shallow_snake_nest

Action                   || total
-------------------------++-------
Melee: Long sword        ||    38
Armor: Scale mail        ||    36
Dodge: Dodged            ||    33
Block: Buckler           ||    14
